 Dungeon Crawl Stone Soup version 0.26.1-11-gd32895ea62 (webtiles) character file.

Game seed: 2424470014402442626

133 Zeld the Chopper (level 4, 0/39 HPs)
             Began as a Minotaur Berserker on May 23, 2021.
             Was a Believer of Trog.
             Succumbed to an adder's poison
             ... on level 2 of the Dungeon.
             The game lasted 00:01:57 (2574 turns).

Zeld the Chopper (Minotaur Berserker)               Turns: 2574, Time: 00:01:57

Health: 0/39       AC:  0    Str: 23    XL:     4   Next: 94%
Magic:  3/3        EV: 12    Int:  4    God:    Trog [**....]
Gold:   137        SH:  0    Dex:  9    Spells: 3/3 levels left

rFire    . . .     SeeInvis .   a - +0 hand axe
rCold    . . .     Faith    .   (no shield)
rNeg     . . .     Spirit   .   (no armour)
rPois    .         Reflect  .   (helmet restricted)
rElec    .         Harm     .   (no cloak)
rCorr    .         Rampage  .   (no gloves)
Will     ++...                  (no boots)
Stlth    +.........             (no amulet)
HPRegen  1.13/turn              (no ring)
MPRegen  0.08/turn              (no ring)

@: lethally poisoned (0 -> 0), berserk cooldown, regenerating, slowed, very slow
A: retaliatory headbutt, horns 2
a: Renounce Religion, Berserk, Trog's Hand


You were on level 2 of the Dungeon.
You worshipped Trog.
Trog was pleased with you.
You visited 1 branch of the dungeon, and saw 2 of its levels.

You collected 137 gold pieces.

Inventory:

Hand Weapons
 a - a +0 hand axe (weapon)
Scrolls
 d - a scroll of blinking {unknown}
 e - a scroll of magic mapping {unknown}
 g - a scroll of identify {unknown}
 i - a scroll of enchant armour {unknown}
 j - a scroll of amnesia {unknown}
 k - a scroll of fog {unknown}
Potions
 b - a potion of lignification {unknown}
 c - a potion of curing {unknown}
 f - a potion of degeneration {unknown}
 h - a potion of flight {unknown}
 l - 2 potions of heal wounds {unknown}
 m - a potion of ambrosia {unknown}
 n - a potion of magic {unknown}


   Skills:
 - Level 3.6 Fighting
 * Level 6.9 Axes
 - Level 2.4 Armour
 - Level 2.1 Dodging


You had 3 spell levels left.
You didn't know any spells.
Your spell library was empty.

Dungeon Overview and Level Annotations

Branches:
Dungeon (2/15)

Altars:
Fedhas
Sif Muna
Vehumet

Annotations:
D:2 1 runed translucent door, Crazy Yiuf


Innate Abilities, Weirdness & Mutations

You reflexively headbutt those who attack you in melee.
You have a pair of horns on your head.


Message History

A red film seems to cover your vision as you go berserk!
You feel yourself moving faster!
You feel mighty!
* * * LOW HITPOINT WARNING * * *
You feel sick.
You start resting.
You feel a strong urge to attack something.
You feel sick.
You feel your anger nearly subside.
You feel sick.
You are no longer berserk.
Trog's vigour flows through your veins.
You are exhausted.
You feel yourself slow down.
* * * LOW HITPOINT WARNING * * *
You feel sick.
There is a lethal amount of poison in your body!
There is a lethal amount of poison in your body!
You're still recovering from your berserk rage.
Unknown command.
You die...

#......###..#.##.#
#................#
#.....######..####
####### #.## #.#
#.# #####.#
#.....# #@#####
#.# .#.####.#
........#
##.######


There were no monsters in sight!

Vanquished Creatures
  Terence (D:2)
  5 adders (D:2)
  2 oozes
  A worm (D:2)
  2 dart slugs (D:2)
  A ball python (D:2)
  6 bats
  4 giant cockroaches
  5 hobgoblins (D:1)
  2 frilled lizards (D:2)
  7 goblins
  4 kobolds
  15 rats
55 creatures vanquished.

Notes
Turn   | Place    | Note
-------+----------+-------------------------------------------
     0 | D:1      | Zeld the Minotaur Berserker began the quest for the Orb.
     0 | D:1      | Reached XP level 1. HP: 19/19 MP: 0/0
    67 | D:1      | Reached skill level 4 in Axes
   316 | D:1      | Reached XP level 2. HP: 24/26 MP: 1/1
   834 | D:1      | Reached skill level 5 in Axes
  1122 | D:2      | Found a blossoming altar of Fedhas.
  1157 | D:2      | Reached XP level 3. HP: 10/31 MP: 2/2
  1534 | D:2      | Found a shimmering blue altar of Sif Muna.
  1600 | D:2      | Reached ** piety under Trog
  1842 | D:2      | Reached XP level 4. HP: 39/39 MP: 3/3
  1845 | D:2      | Reached skill level 6 in Axes
  1938 | D:2      | Noticed Terence
  1946 | D:2      | Killed Terence
  1962 | D:2      | Found a radiant altar of Vehumet.
  2501 | D:2      | Found a runed translucent door.
  2502 | D:2      | Noticed Crazy Yiuf
  2567 | D:2      | HP: 1/39 [adder (5)]
  2572 | D:2      | HP: 2/58 [poisoned by an adder]
  2574 | D:2      | Succumbed to an adder's poison

Illustrated notes

Levels and vault maps discovered:
D:1:      evilmike_arrival_crescent, layout_loops_ring
D:2:      minmay_angry_zag, layout_loops_cross, lemuel_round_altar,
          lemuel_crystal_altar, old_standard_altar, grunt_ministairs_11,
          nrook_loot_triangle, minmay_rat_gold_closets, uniq_terence,
          uniq_crazy_yiuf_cottage

Skill      XL: |  1  2  3  4 |
---------------+-------------+-----
Axes           | 4 5 6 |  6.9
Fighting       | |  3.6
Armour         | |  2.4
Dodging        | |  2.1

Action                   |  1- 3 |  4- 6 || total
-------------------------+-------+-------++-------
Melee: Hand axe          |    58 |    57 ||   115
       Headbutt          |     8 |    10 ||    18
Invok: Berserk           |     2 |     1 ||     3
       Trog's Hand       |       |     1 ||     1
 Stab: Sleeping          |       |     5 ||     5
Dodge: Dodged            |    49 |    23 ||    72
